cohdb
Replays
Latest Replays
All Replays
Popular Replays
Top Player Replays
Match Explorer
How It Works
Community
CoH3 Stats
Reddit
Sign in to upload your games and track your stats! →
Sign in with Steam
Match 42812795
Unlisted
Match 42812795
Overview
Messages
Build Orders
End
Pioneer Squad
Construct Infanterie Kompanie
Grenadier Squad
Selects Terror Battlegroup
Selects Machine Gun Camouflage
MG 42 Machine Gun Team
MG 42 Machine Gun Team
Construct Panzergrenadier Kompanie
Panzergrenadier Squad
Pak 40 Anti-tank Gun Team
Pak 40 Anti-tank Gun Team
Pak 40 Anti-tank Gun Team
Medical Bunker
Selects Defend the Fatherland
Panzergrenadier Squad
Panzergrenadier Officer Quarters
GrW 34 Mortar Team
Infanterie Officer Quarters
Grenadier Squad
^3
REDACTED
0
0
Comments
sign in to comment!
No comments posted yet!